 Dungeon Crawl Stone Soup version 0.30-a0-1157-g2cc9ac7196 (webtiles) character file.

Game seed: 9796934770519989065

33 iamoutofideas the Chopper (level 3, 0/33 HPs)
             Began as a Hill Orc Monk on Apr 25, 2023.
             Slain by Sigmund
             ... wielding a +0 scythe
              (1 damage)
             ... on level 1 of the Dungeon.
             The game lasted 00:01:26 (1096 turns).

iamoutofideas the Chopper (Hill Orc Monk)           Turns: 1096, Time: 00:01:27

Health: 0/33       AC:  4    Str: 15    XL:     3   Next: 29%
Magic:  3/3        EV: 12    Int: 10    God:
Gold:   87         SH:  0    Dex: 13    Spells: 2/2 levels left

rFire   . . .        a - +0 hand axe
rCold   . . .        d - orb {light}
rNeg    . . .        k - +0 leather armour
rPois   .            f - +0 helmet
rElec   .            (no cloak)
rCorr   .            (no gloves)
SInv    .            (no boots)
Will    .....        e - amulet of magic regeneration
Stlth   +            (no ring)
HPRegen 0.25/turn    (no ring)
MPRegen 0.48/turn

%: no passive effects
@: confused, glowing
A: no striking features
a: no special abilities


You were on level 1 of the Dungeon.
You visited 1 branch of the dungeon, and saw 2 of its levels.

You collected 87 gold pieces.

Inventory:

Hand Weapons
 a - a +0 hand axe (weapon)
Armour
 d - an orb of light (worn)
 f - a +0 helmet (worn)
 k - a +0 leather armour (worn)
Jewellery
 e - an amulet of magic regeneration (around neck)
Scrolls
 g - a scroll of fog {unknown}
 h - a scroll of vulnerability {unknown}
 j - a scroll of noise {unknown}


   Skills:
 + Level 4.1 Fighting
 * Level 4.8 Axes
 + Level 2.8 Dodging


You had 2 spell levels left.
You didn't know any spells.
Your spell library contained the following spells:

 Spells                   Type           Power      Damage    Failure   Level
 Ensorcelled Hibernation  Hex/Ice        0%         N/A       56%         2
 Spider Form              Tmut/Pois      0%         N/A       80%         3
 Anguish                  Hex/Necr       0%         N/A       99%         4


Dungeon Overview and Level Annotations

Branches:
Dungeon (2/15)

Altars:

Annotations:
D:1 Sigmund


Message History

Sigmund is heavily wounded.
Sigmund casts a spell at you. The puff of flame hits you!
You barely miss Sigmund.
Sigmund is heavily wounded.
Sigmund closely misses you.
You hit Sigmund but do no damage.
Sigmund is heavily wounded.
You hit Sigmund but do no damage.
Sigmund is heavily wounded.
Sigmund misses you.
You barely miss Sigmund.
Sigmund is heavily wounded.
Sigmund hits you with a +0 scythe!
You barely miss Sigmund.
Sigmund is heavily wounded.
You hit Sigmund.
Sigmund is severely wounded.
Sigmund closely misses you.
You hit Sigmund but do no damage.
Sigmund is severely wounded.
Sigmund gestures wildly while chanting.
Sigmund flickers and vanishes for a moment.
You barely miss Sigmund.
Sigmund is severely wounded.
Sigmund laughs darkly.
Sigmund hits you with a +0 scythe!
You hit Sigmund but do no damage.
Sigmund is severely wounded.
Sigmund casts a spell at you.
You are confused.
You bump into the rock wall.
Sigmund hits you with a +0 scythe.
You bump into the rock wall.
Unknown command.
You bump into the rock wall.
Sigmund gestures at you while chanting. The puff of flame hits you!
* * * LOW HITPOINT WARNING * * *
You bump into the rock wall.
Sigmund hits you with a +0 scythe.
You die...

.~~~~≈~.###.#..#.###.......#.#.#
~~~..~..#...(......#...#####.#.#
~.#.###.#.#.#.##.#.#.........#.#
#.#.# #)#.#....#.#[#..######.#.#
#.#.# #.#.###..#.#(#.........#.#
#.#.# #.#.._...#.#...#.......#.#
..#.# #.#......>.......#######.##
....###.#.####.#@#.#.#...........
....#...#.#..#.#@#.#.#...#####...
....#.#.#....#.#.#.#.....~.......
....#.######.#.#.#.......~.######
...............#........~.~##
#####.######.########≈≈≈≈≈≈≈# ###
#.##...............###### ..#
#......#.########### ..#
#......#.# ..# #......#.#


You could see Sigmund (invisible).

Vanquished Creatures
  A dart slug (D:1)
  2 ball pythons (D:1)
  3 bats (D:1)
  An endoplasm (D:1)
  A giant cockroach (D:1)
  2 goblins
  3 hobgoblins (D:1)
  4 jackals (D:1)
  7 kobolds (D:1)
  A quokka (D:1)
  2 frilled lizards (D:1)
  A rat (D:1)
28 creatures vanquished.

Notes
Turn   | Place    | Note
-------+----------+-------------------------------------------
     0 | D:1      | iamoutofideas the Hill Orc Monk began the quest for the
                  | Orb.
     0 | D:1      | Reached XP level 1. HP: 19/19 MP: 1/1
   161 | D:1      | Reached XP level 2. HP: 27/27 MP: 2/2
   261 | D:1      | Found a faded altar of an unknown god.
   334 | D:1      | Reached XP level 3. HP: 32/33 MP: 3/3
  1039 | D:2      | Noticed Sigmund
  1095 | D:1      | HP: 1/33 [Sigmund/puff of flame (9)]
  1096 | D:1      | Slain by Sigmund

Illustrated notes

Levels and vault maps discovered:
D:1:      matt_arrival_debris, layout_basic, basic_ecumenical_altar,
          serial_rivers, chequers_serial_rivers_marsh,
          chequers_serial_rivers_micro_e, chequers_serial_rivers_small_a,
          chequers_serial_rivers_large_b
D:2:      layout_rooms, serial_glass, glass_columns_a, glass_columns_a,
          kennysheep_cross_room, minmay_distorted, uniq_jessica, uniq_sigmund,
          uniq_crazy_yiuf_cottage

Skill      XL: |  1  2 |
---------------+-------+-----
Fighting       | 4 |  4.1
Axes           | |  4.8
Dodging        | |  2.8

Action                     || total
---------------------------++-------
  Melee: Hand axe          ||    85
    Use: Potion            ||     2
 Armour: Robe              ||    23
         Skin              ||     6
         Leather armour    ||     3
  Dodge: Dodged            ||    68

Table legend: (Time is in decaauts)
 A = Elapsed time spent in this place.
 B = Non-inter-level travel time spent in this place.
 C = Inter-level travel time spent in this place.
 D = Time resting spent in this place.
 E = Time spent auto-exploring this place.
 F = Levels seen in this place.
 G = Mean time per level.
                   A        B        C        D        E       F      G
               +--------+--------+--------+--------+--------+-----+--------+
         Total |   1154 |   1117 |     37 |     18 |    872 |   2 |  577.0 |
       Dungeon |   1154 |   1117 |     37 |     18 |    872 |   2 |  577.0 |
               +--------+--------+--------+--------+--------+-----+--------+

Top non-repeatable levels by time:
     D:1: 1144 daAuts
     D:2: 10 daAuts
